 Dungeon Crawl Stone Soup version 0.22.0-38-g04b72b8 (webtiles) character file.

32879 FrozenPanda the Blocker (level 14, -8/111 HPs)
             Began as a Formicid Fighter on Aug 30, 2018.
             Was the Champion of Cheibriados.
             Splashed by an oklob plant's acid (14 damage)
             ... on level 4 of the Lair of Beasts.
             The game lasted 00:26:51 (15267 turns).

FrozenPanda the Blocker (Formicid Fighter)         Turns: 15267, Time: 00:26:52

Health: -8/111     AC: 18    Str: 36    XL:     14   Next: 5%
Magic:  7/7        EV: 18    Int: 26    God:    Cheibriados [******]
Gold:   920        SH: 16    Dex: 27    Spells: 13/13 levels left

rFire    . . .     SeeInvis +   F - +8 mace of Uncertain Death {antimagic, SInv}
rCold    + + .     Gourm    .   P - +1 shield {rC+}
rNeg     + . .     Faith    .   n - +3 plate armour
rPois    .         Spirit   .   (helmet unavailable)
rElec    .         Reflect  .   I - +2 cloak {rC+}
rCorr    .         Harm     .   x - +0 pair of gloves
MR       +++..                  p - +0 pair of boots
Stlth    +.........             y - amulet of regeneration
HPRegen  0.68/turn              C - ring of protection from magic
MPRegen  0.10/turn              M - ring of positive energy

@: corroded, very slow
A: permanent stasis, dig shafts and tunnels, four strong arms, antennae 3,
repulsion field 1, molten scales 1, magic resistance 1
a: Dig, Shaft Self, Bend Time, Temporal Distortion, Slouch, Step From Time,
Renounce Religion


You were on level 4 of the Lair of Beasts.
You worshipped Cheibriados.
Cheibriados was exalted by your worship.
You were not hungry.

You visited 3 branches of the dungeon, and saw 14 of its levels.
You also visited: Ice Cave.

You collected 920 gold pieces.

Inventory:

Hand Weapons
 a - a +0 long sword
 o - a +2 battleaxe of freezing
 v - a +2 broad axe of chopping
 F - the +8 mace of Uncertain Death (weapon) {antimagic, SInv}
   (You found it on level 5 of the Dungeon)

   It reduces the magical energy of the wielder, and disrupts the spells and
   magical abilities of those hit.
   Natural abilities and divine invocations are not affected.
   It lets you see invisible.
 L - a +2 great sword of freezing
 O - a +2 morningstar of crushing
Missiles
 b - a throwing net
 e - 369 stones (quivered)
 l - 4 steel tomahawks
 r - 163 arrows
 s - 7 tomahawks
 w - 183 bolts
 A - 86 poisoned needles
 D - 83 sling bullets
Armour
 n - a +3 plate armour (worn)
 p - a +0 pair of boots (worn)
 x - a +0 pair of gloves (worn)
 I - a +2 cloak of cold resistance (worn)
 P - a +1 shield of cold resistance (worn)
Magical Staves
 m - an uncursed staff of cold {unknown}
Jewellery
 g - an uncursed ring of ice
 t - an uncursed amulet of faith
 y - an amulet of regeneration (around neck)
 C - a ring of protection from magic (left hand)
 E - an uncursed ring of fire
 G - an uncursed amulet of the gourmand {unknown}
 M - a ring of positive energy (right hand)
 U - an uncursed ring of flight
Wands
 d - a wand of enslavement (21)
 q - a wand of paralysis (14)
 H - a wand of flame (22)
 J - a wand of iceblast (12)
 N - a wand of polymorph (5)
Scrolls
 i - 7 scrolls of remove curse
 u - a scroll of fog
 z - a scroll of fear
 K - 2 scrolls of enchant weapon
Potions
 h - 3 potions of invisibility
 j - 10 potions of curing
 k - 4 potions of lignification
 B - 2 potions of flight {unknown}
 Q - a potion of resistance
 R - 4 potions of might
 S - a potion of heal wounds
Comestibles
 f - 42 rations


   Skills:
 + Level 10.3 Fighting
 - Level 3.4 Long Blades
 + Level 8.4 Maces & Flails
 + Level 10.3 Armour
 + Level 8.1 Dodging
 - Level 10.4 Stealth
 + Level 11.2 Shields
 + Level 9.6 Invocations
 + Level 3.7 Evocations


You had 13 spell levels left.
You didn't know any spells.
Your spell library contained the following spells:

 Spells                   Type           Power        Failure   Level  Hunger
 Flame Tongue             Conj/Fire      #....        54%         1    ##.....
 Poisonous Vapours        Pois/Air       #.....       69%         2    ###....
 Throw Flame              Conj/Fire      #.....       69%         2    ###....
 Conjure Flame            Conj/Fire      #.......     89%         3    ####...
 Inner Flame              Hex/Fire       #.......     89%         3    ####...
 Mephitic Cloud           Conj/Pois/Air  #.......     89%         3    ####...
 Sticky Flame             Conj/Fire      #.......     100%        4    #####..
 Fireball                 Conj/Fire      #.........   100%        5    ######.
 Freezing Cloud           Conj/Ice/Air   #.........   100%        6    #######
 Ring of Flames           Chrm/Fire      #.........   100%        7    #######


Dungeon Overview and Level Annotations

Branches:
Dungeon (9/15)             Temple (1/1) D:6            Lair (4/6) D:9
  Swamp (0/4) Lair:3        Snake (0/4) Lair:3
    Orc: D:9-12

Altars:
Ashenzari
Cheibriados
Dithmenos
Elyvilon
Fedhas
Gozag
Hepliaklqana
Kikubaaqudgha
Makhleb
Nemelex Xobeh
Okawaru
Qazlal
Ru
Sif Muna
Trog
Uskayaw
Vehumet
Wu Jian
Xom
Yredelemnul
Zin
The Shining One

Shops:
D:9 %

Annotations:
D:3 3 runed doors, Lew's ghost, amateur GnFi
D:6 1 runed door, Marcoleric's ghost, novice DsGl
D:9 1 transporter
Lair:2 exclusion: ice statue
Lair:4 exclusion: 5 oklob plants


Innate Abilities, Weirdness & Mutations

You cannot be hasted, slowed, berserked, paralysed or teleported.
You can dig through walls and to a lower floor.
Your four strong arms can wield two-handed weapons with a shield.
You have a pair of large antennae on your head. (SInv)
You are surrounded by a mild repulsion field. (EV +2)
You are partially covered in molten scales. (AC +2)
You are resistant to hostile enchantments. (MR+)


Message History

The splash of acid hits you! The acid corrodes you!
You are splashed with acid!
The acid burns!
The oklob plant spits acid at you. The splash of acid hits you!
You are splashed with acid!
The acid burns!
The oklob plant spits acid at you. You block the splash of acid.
The oklob plant spits acid at you. The splash of acid hits you!
The acid corrodes you!
You are splashed with acid!
The acid burns!
The oklob plant spits acid at you. The splash of acid hits you!
You are splashed with acid!
The acid burns!
The oklob plant spits acid at you. The splash of acid hits you!
You are splashed with acid!
The acid burns!
Okay, then.
The oklob plant spits acid at you. The splash of acid hits you!
You are splashed with acid!
The acid burns!
The oklob plant spits acid at you. The splash of acid hits you!
The acid corrodes you!
You are splashed with acid!
The acid burns!
You die...

###.#.#.#..#..#* ##* ######
#..............#* #.###..#[##
##)..............#
##........###................#
####........###.............$....
....+.......##.....!....PP.......
..##P.......#......?..PPPP......?
####....................PPP../...
.# #P.......P##.@......P.P.......
## ####.P+####...................
# ##..## ##.##.............## #
##..# #..##$............## #..##
#.P#......[.......##
##.####.####..#####*#..... ***#**
#..##.P.# *### ####.....
,,,#.#*##.##P..##########.##.....
,,>....#..##....##.....##.......†


You could see 2 oklob plants.

Vanquished Creatures
  Gastronok (Lair:3)
  A frost giant (IceCv)
  The ghost of Teniozir the Thaumaturge, a journeyman DrVM of Vehumet (Lair:3)
  A hydra (Lair:2)
  2 two-headed ogres (D:8)
  13 elephants
  2 ice statues (IceCv)
  A black mamba (Lair:1)
  7 spiny frogs
  A rime drake (Lair:4)
  A freezing wraith (Lair:2)
  4 komodo dragons
  2 ice devils (Lair:4)
  14 polar bears
  Prince Ribbit (D:7)
  2 hippogriffs
  4 hogs (D:7)
  Sigmund (D:5)
  A human (D:7)
  A wyvern (Lair:1)
  33 yaks
  Grum (D:9)
  4 basilisks
  4 nagas
  8 water moccasins
  Duvessa (D:3)
  2 porcupines
  A black bear (D:8)
  6 ice beasts
  5 orc warriors
  6 ogres
  4 sky beasts
  13 wolves
  3 centaurs
  9 crocodiles
  2 big kobolds
  11 bullfrogs
  Dowan (D:3)
  4 scorpions
  3 killer bees (D:7)
  3 wights (D:8)
  A howler monkey (D:3)
  4 crimson imps
  A jelly (D:5)
  2 centaur skeletons
  2 hounds
  A quasit (D:5)
  5 orc priests
  7 orc wizards
  A gnoll shaman (D:5)
  6 worker ants
  A hound zombie (D:7)
  A hound skeleton (D:7)
  A worker ant zombie (D:8)
  11 gnolls
  11 adders
  3 shadow imps
  2 white imps (Lair:2)
  2 oozes
  An adder zombie (D:7)
  An adder skeleton (D:5)
  2 worms (D:3)
  5 dart slugs
  5 leopard geckos
  40 orcs
  4 ball pythons
  3 giant cockroaches
  3 goblins
  10 hobgoblins
  13 jackals
  21 kobolds
  6 quokkas
  5 bats
  3 frilled lizards
  A giant cockroach zombie (D:5)
  15 rats
  A spectral orc (D:6)
386 creatures vanquished.

Vanquished Creatures (collateral kills)
  A spiny frog (Lair:2)
1 creature vanquished.

Vanquished Creatures (others)
  2 fungi (Lair:4)
  2 plants
4 creatures vanquished.

Grand Total: 391 creatures vanquished

Notes
Turn   | Place    | Note
-------+----------+-------------------------------------------
     0 | D:1      | FrozenPanda the Formicid Fighter began the quest for the Orb.
     0 | D:1      | Reached XP level 1. HP: 18/18 MP: 1/1
   204 | D:1      | Reached XP level 2. HP: 10/24 MP: 2/2
   727 | D:1      | Reached XP level 3. HP: 29/29 MP: 3/3
   863 | D:1      | Reached skill level 1 in Stealth
   871 | D:1      | Reached skill level 1 in Dodging
  1154 | D:1      | Reached skill level 4 in Shields
  1331 | D:2      | Reached XP level 4. HP: 7/36 MP: 4/4
  1799 | D:2      | Found a bloodstained altar of Trog.
  2249 | D:2      | Found a deep blue altar of Sif Muna.
  2507 | D:3      | Found a runed gate.
  2508 | D:3      | Found a runed gate.
  2509 | D:3      | Found a runed gate.
  2510 | D:3      | Noticed Lew's ghost (amateur GnFi)
  2786 | D:3      | Reached XP level 5. HP: 40/42 MP: 5/5
  3222 | D:3      | Found a hide-covered altar of Uskayaw.
  3740 | D:3      | Reached XP level 6. HP: 47/48 MP: 6/6
  3919 | D:4      | Noticed Dowan
  3919 | D:4      | Noticed Duvessa
  4199 | D:3      | Killed Duvessa
  4207 | D:3      | Killed Dowan
  4207 | D:3      | Reached XP level 7. HP: 28/55 MP: 7/7
  4438 | D:4      | Reached skill level 5 in Shields
  4992 | D:5      | Entered Level 5 of the Dungeon
  4994 | D:5      | Got a pitted mace
  4998 | D:4      | Identified the +8 mace of Uncertain Death {antimagic, SInv} (You found it on level 5 of the Dungeon)
  5208 | D:5      | Reached skill level 1 in Maces & Flails
  5294 | D:5      | Reached XP level 8. HP: 49/61 MP: 2/8
  5407 | D:5      | Noticed Sigmund
  5414 | D:5      | Killed Sigmund
  5414 | D:5      | Reached skill level 5 in Fighting
  5414 | D:5      | Reached skill level 5 in Armour
  5582 | D:5      | Found a sparkling altar of Nemelex Xobeh.
  5583 | D:5      | Found a stormy altar of Qazlal.
  5746 | D:6      | Found a staircase to the Ecumenical Temple.
  5785 | Temple   | Entered the Ecumenical Temple
  5971 | Temple   | Became a worshipper of Cheibriados the Contemplative
  6071 | D:6      | HP: 3/62 [orc warrior/short sword (9)]
  6298 | D:6      | Found a blossoming altar of Fedhas.
  6316 | D:6      | Found a runed door.
  6316 | D:6      | Noticed Marcoleric's ghost (novice DsGl)
  6363 | D:6      | Found an ornate altar of the Wu Jian Council.
  6591 | D:6      | Reached skill level 1 in Invocations
  6616 | D:6      | Reached skill level 6 in Shields
  6745 | D:6      | Reached skill level 5 in Stealth
  6786 | D:6      | Reached XP level 9. HP: 67/68 MP: 2/10
  6821 | D:6      | Reached * piety under Cheibriados
  6907 | D:6      | Found a basalt altar of Yredelemnul.
  7398 | D:7      | Found a radiant altar of Vehumet.
  7399 | D:7      | Noticed Prince Ribbit
  7480 | D:7      | Reached ** piety under Cheibriados
  7613 | D:7      | Reached skill level 7 in Shields
  7635 | D:7      | Reached XP level 10. HP: 71/77 MP: 4/12
  8051 | D:8      | Found a shattered altar of Ashenzari.
  8179 | D:7      | Killed Prince Ribbit
  8208 | D:7      | Identified a scroll of acquirement
  8325 | D:8      | Noticed a two-headed ogre
  8374 | D:7      | Gained mutation: You are surrounded by a mild repulsion field. (EV +2) [potion of mutation]
  8374 | D:7      | Gained mutation: You are resistant to hostile enchantments. (MR+) [potion of mutation]
  8374 | D:7      | Gained mutation: You are partially covered in molten scales. (AC +2) [potion of mutation]
  8475 | D:8      | Reached *** piety under Cheibriados
  8556 | D:8      | Found an iron altar of Okawaru.
  8558 | D:8      | Noticed a two-headed ogre
  8565 | D:8      | Killed a two-headed ogre
  8565 | D:8      | Reached skill level 5 in Dodging
  8565 | D:8      | Reached skill level 5 in Invocations
  8793 | D:8      | Killed a two-headed ogre
  8793 | D:8      | Reached skill level 5 in Maces & Flails
  8793 | D:8      | Reached skill level 8 in Shields
  8796 | D:8      | Reached XP level 11. HP: 67/84 MP: 5/15
  9021 | D:9      | Reached **** piety under Cheibriados
  9162 | D:9      | Found a bloodstained altar of Trog.
  9190 | D:9      | Found a transporter.
  9225 | D:9      | Found a staircase to the Lair.
  9378 | D:9      | Found a glowing golden altar of the Shining One.
  9427 | D:9      | Noticed Grum
  9451 | D:9      | Killed Grum
  9620 | D:9      | Found Akauskiutt's Food Shoppe.
  9648 | D:9      | Reached ***** piety under Cheibriados
  9892 | Lair:1   | Entered Level 1 of the Lair of Beasts
 10384 | Lair:1   | Reached skill level 9 in Shields
 11406 | Lair:2   | Reached XP level 12. HP: 92/94 MP: 5/17
 11438 | Lair:2   | Noticed an eight-headed hydra
 11448 | Lair:2   | Killed an eight-headed hydra
 12336 | Lair:3   | Found a staircase to the Snake Pit.
 12655 | Lair:3   | Noticed Gastronok
 12670 | Lair:3   | Killed Gastronok
 12670 | Lair:3   | Reached skill level 10 in Shields
 12746 | Lair:3   | Found a staircase to the Swamp.
 12816 | Lair:3   | Reached skill level 10 in Stealth
 13104 | Lair:3   | Reached ****** piety under Cheibriados
 13127 | Lair:3   | Reached XP level 13. HP: 69/101 MP: 6/19
 13220 | Lair:3   | Found a large runed door.
 13220 | Lair:3   | Found a large runed door.
 13259 | Lair:3   | Noticed Teniozir's ghost (journeyman DrVM)
 13680 | Lair:3   | Killed Teniozir's ghost
 13830 | Lair:4   | Reached skill level 1 in Evocations
 13847 | Lair:4   | Found a frozen archway.
 13876 | IceCv    | Entered an ice cave
 14275 | IceCv    | Reached skill level 10 in Fighting
 14362 | IceCv    | Noticed a frost giant
 14389 | IceCv    | Killed a frost giant
 14389 | IceCv    | Reached skill level 10 in Armour
 14389 | IceCv    | Reached skill level 11 in Shields
 15070 | Lair:4   | Reached XP level 14. HP: 111/111 MP: 7/21
 15267 | Lair:4   | Splashed by an oklob plant's acid

Skill      XL: |  1  2  3  4  5  6  7  8  9 10 11 12 13 |
---------------+----------------------------------------+-----
Stealth        | 1 2 3 4 5 6 7 9 10 | 10.4
Dodging        | 1 2 3 4 5 6 7 8 |  8.1
Shields        | 4 5 6 7 8 9 10 11 | 11.2
Armour         | 4 5 6 7 8 9 10 | 10.3
Fighting       | 4 5 6 7 8 9 10 | 10.3
Long Blades    | 3 |  3.4
Maces & Flails | 1 2 3 5 6 7 8 |  8.4
Invocations    | 1 3 5 7 8 9 |  9.6
Evocations     | 3 |  3.7

Action                   |  1- 3 |  4- 6 |  7- 9 | 10-12 | 13-15 || total
-------------------------+-------+-------+-------+-------+-------++-------
Melee: Long sword        |   138 |   225 |    42 |       |       ||   405
       Mace              |       |       |   271 |   710 |   506 ||  1487
Invok: Bend Time         |       |       |       |       |     1 ||     1
 Abil: Dig               |       |       |     1 |     5 |     4 ||    10
Evoke: Wand              |       |       |       |     3 |       ||     3
  Use: Potion            |       |     3 |     3 |    10 |     3 ||    19
       Scroll            |       |       |    12 |    12 |     3 ||    27
  Eat: Chunk             |     1 |    10 |     7 |    11 |     6 ||    35
       Ration            |       |       |     1 |       |       ||     1
Armor: Scale mail        |    25 |       |       |       |       ||    25
       Plate armour      |    61 |   125 |   206 |   292 |   190 ||   874
Dodge: Dodged            |    45 |    45 |   105 |   448 |   323 ||   966
Block: Shield            |    88 |   134 |   231 |   612 |   487 ||  1552
       Rpst.: Long sword |    10 |    15 |     4 |       |       ||    29
